 Dungeon Crawl Stone Soup version 0.32-a0-918-g0f22ef8d61 (webtiles) character file.

Game seed: 4116531500397241945

119 smashvw the Poker (level 5, -12/42 HPs)
             Began as a Merfolk Gladiator on Apr 11, 2024.
             Mangled by Robin
             ... wielding a +5 whip of distortion
              (23 damage)
             ... on level 3 of the Dungeon.
             The game lasted 00:05:57 (2523 turns).

smashvw the Poker (Merfolk Gladiator)               Turns: 2523, Time: 00:05:58

Health: -12/42     AC:  7    Str: 14    XL:     5   Next: 3%
Magic:  5/5        EV: 13    Int:  7    God:
Gold:   135        SH:  0    Dex: 18    Spells: 4/4 levels left

rFire   . . .        a - +0 trident
rCold   . . .        (no shield)
rNeg    . . .        b - +0 leather armour
rPois   .            c - +0 helmet
rElec   .            (no cloak)
rCorr   .            i - +2 pair of gloves
SInv    .            (no boots)
Will    .....        (no amulet)
Stlth   +            (no ring)
HPRegen 0.27/turn    (no ring)
MPRegen 0.09/turn

%: no passive effects
@: no status effects
A: (nimble swimmer 2), mertail
a: no special abilities


You were on level 3 of the Dungeon.
You visited 1 branch of the dungeon, and saw 4 of its levels.

You collected 135 gold pieces.

Inventory:

Hand Weapons
 a - a +0 trident (weapon)
Missiles
 d - 5 throwing nets (quivered)
 e - a javelin
Armour
 b - a +0 leather armour (worn)
 c - a +0 helmet (worn)
 i - a +2 pair of gloves (worn)
Jewellery
 l - a +6 ring of intelligence
Wands
 o - a wand of acid (12)
Scrolls
 f - 3 scrolls of identify {unknown}
 h - 2 scrolls of blinking {unknown}
 m - 3 scrolls of teleportation {unknown}
 p - 3 scrolls of vulnerability {unknown}
Potions
 g - a potion of curing {unknown}
 j - a potion of enlightenment {unknown}
 k - a potion of cancellation {unknown}
 n - a potion of invisibility {unknown}
 q - a potion of heal wounds {unknown}
 r - a potion of resistance {unknown}
 s - 2 potions of haste {unknown}


   Skills:
 + Level 3.6 Fighting
 + Level 5.3 Polearms
 - Level 2.0 Throwing
 + Level 5.3 Dodging


You had 4 spell levels left.
You didn't know any spells.
Your spell library contained the following spells:

 Spells                   Type           Power      Damage    Failure   Level
 Mercury Vapours          Alch/Air       0%         N/A       65%         2
 Mephitic Cloud           Conj/Alch/Air  0%         N/A       87%         3
 Volatile Blastmotes      Fire/Tloc      0%         2d10      87%         3
 Fulminant Prism          Conj/Alch      0%         3d5       99%         4
 Iskenderun's Mystic Bla Conj/Tloc 0%             2d3        (+2d1     99%         4
 Freezing Cloud           Conj/Ice/Air   0%         6-21      100%        5
 Summon Forest            Summ/Tloc      0%         N/A       100%        5
 Eringya's Noxious Bog    Alch           0%         4d6       100%        6
 Summon Hydra             Summ           0%         N/A       100%        7


Dungeon Overview and Level Annotations

Branches:
Dungeon (4/15)
 Temple: D:4-7

Altars:
Trog

Shops:
D:1 (   D:3 [

Annotations:
D:3 Robin
D:4 Menkaure, Sigmund


Innate Abilities, Weirdness & Mutations

((You are very nimble when in or above water. (Stealth+, EV+, Speed+++)))
Your lower body shifts to a powerful aquatic tail in water.


Message History

You closely miss the goblin. The goblin barely misses you.
You puncture the goblin!
You kill the goblin!
No target in view!
No target in view!
You start resting.
HP restored.
You climb downwards.
Level annotation: Menkaure, Robin, Sigmund The goblin closely misses you.
The goblin misses you.
Robin roars a battlecry!
The goblins go into a battle-frenzy!
The goblin hits you but does no damage. The goblin misses you.
There is a stone staircase leading up here.
The goblin hits you but does no damage. The goblin hits you with a +0 dagger.
Robin hits you with a +5 whip of distortion.
Space warps around you.
You climb upwards.
There is a stone staircase leading down, spattered with blood here.
You hit Robin.
Robin is moderately wounded.
The goblin misses you.
Robin hits you with a +5 whip of distortion!
You hit Robin but do no damage.
Robin is moderately wounded.
The goblin hits you but does no damage.
Robin hits you with a +5 whip of distortion.
Space warps around you.
You are too injured to fight recklessly!
You are too injured to fight recklessly!
You are too injured to fight recklessly!
You puncture Robin!
Robin is almost dead.
The goblin hits you with a +0 dagger.
Robin hits you with a +5 whip of distortion.
* * * LOW HITPOINT WARNING * * *
Space warps horribly around you!!
Ouch! That really hurt!
You die...
Robin calls out, "Let's celebrate!
Time for a feast!"

.........#.#######.#
#.......##.# #.#
#......###.# ###.#
#.#...## #.# #...#
#.##### #.# #.###
.#.## #.# #.# ###.#
#.# #.# .#.## #.#
#g# #.########.# #@#
...........# #g#
############ #g#
####.# #....# #.####
#.# # #.# # #.#


You could see Robin and 2 goblins.

Vanquished Creatures
  4 adders
  2 dart slugs
  2 ribbon worms (D:3)
  6 orcs (D:3)
  2 endoplasms (D:2)
  4 giant cockroaches
  8 goblins
  4 hobgoblins
  4 quokkas
  5 ball pythons
  4 bats
  5 frilled lizards
  11 kobolds
  4 rats
65 creatures vanquished.

Notes
Turn   | Place    | Note
-------+----------+-------------------------------------------
     0 | D:1      | smashvw the Merfolk Gladiator began the quest for the Orb.
     0 | D:1      | Reached XP level 1. HP: 16/16 MP: 1/1
   173 | D:1      | Reached XP level 2. HP: 23/23 MP: 2/2
   747 | D:2      | Reached XP level 3. HP: 28/28 MP: 3/3
   967 | D:2      | Identified the +0 sling of Viotuip {heavy, ^Drain rElec rC-
                  | Dex+8}
  1067 | D:2      | Found a faded altar of an unknown god.
  1127 | D:2      | Reached XP level 4. HP: 35/35 MP: 4/4
  1358 | D:2      | Reached skill level 5 in Polearms
  1499 | D:3      | Reached skill level 5 in Dodging
  1793 | D:3      | Found Udwub's Antique Armour Shop.
  2301 | D:3      | Found a bloodstained altar of Trog.
  2359 | D:4      | Noticed Menkaure
  2359 | D:4      | Noticed Sigmund
  2454 | D:4      | Noticed Robin
  2464 | D:3      | Reached XP level 5. HP: 27/41 MP: 5/5
  2523 | D:3      | Mangled by Robin

Illustrated notes

Levels and vault maps discovered:
D:1:      scummos_arrival_simple_fountains, layout_loops_ring, serial_shops,
          shop, hangedman_abyss_or_decor_lesser_grid
D:2:      minmay_chambers_of_twos, layout_loops_ring,
          hellmonk_ecumenical_altar_run_dry
D:3:      layout_loops_ring, marbit_many_paths, serial_shops,
          nicolae_lakefront_shop, nrook_uturn
D:4:      cheibrodos_greedy_goblins, layout_basic,
          chequers_temple_overflow_statue_of_worship, minivault_25,
          patterned_corridor, uniq_menkaure, uniq_robin, uniq_sigmund

Skill      XL: |  1  2  3  4 |
---------------+-------------+-----
Fighting       | 3 |  3.6
Polearms       | 5 |  5.3
Dodging        | 5 |  5.3
Throwing       | |  2.0

Action                     |  1- 3 |  4- 6 || total
---------------------------+-------+-------++-------
  Melee: Trident           |   104 |   108 ||   212
   Stab: Sleeping          |     2 |     2 ||     4
 Armour: Leather armour    |    31 |    57 ||    88
  Dodge: Dodged            |    55 |    65 ||   120

Table legend: (Time is in decaauts)
 A = Elapsed time spent in this place.
 B = Non-inter-level travel time spent in this place.
 C = Inter-level travel time spent in this place.
 D = Time resting spent in this place.
 E = Time spent auto-exploring this place.
 F = Levels seen in this place.
 G = Mean time per level.
                   A        B        C        D        E       F      G
               +--------+--------+--------+--------+--------+-----+--------+
         Total |   2536 |   2392 |    144 |    113 |   1856 |   4 |  634.0 |
       Dungeon |   2536 |   2392 |    144 |    113 |   1856 |   4 |  634.0 |
               +--------+--------+--------+--------+--------+-----+--------+

Top non-repeatable levels by time:
     D:3: 1090 daAuts
     D:1: 736 daAuts
     D:2: 698 daAuts
     D:4: 11 daAuts
